 Dungeon Crawl Stone Soup version 0.30.0-29-ga12c61a403 (webtiles) character file.

Game seed: 3352411489942437417

12315 Libra00 the Grappler (level 11, -14/111 HPs)
             Began as a Troll Fighter on June 13, 2023.
             Was a Priest of Wu Jian.
             Demolished by an enormous slime creature (48 damage)
             ... on level 11 of the Dungeon.
             The game lasted 00:34:20 (9473 turns).

Libra00 the Grappler (Troll Fighter)                Turns: 9473, Time: 00:34:21

Health: -14/111    AC:  8    Str: 30    XL:     11   Next: 60%
Magic:  10/10      EV: 10    Int:  4    God:    Wu Jian [***...]
Gold:   503        SH:  9    Dex:  7    Spells: 10/10 levels left

rFire   . .          .
                       - Unarmed
rCold   . . .        b - +0 kite shield
rNeg    + . .        K - +0 steam dragon scales
rPois   +            P - +0 hat
rElec   .            x - +0 cloak
rCorr   .            (gloves unavailable)
SInv    .            (boots unavailable)
Will    .....        (no amulet)
Stlth   +            l - ring of poison resistance
HPRegen 1.18/turn    g - ring of positive energy
MPRegen 0.12/turn

%: no passive effects
@: about to teleport, hasted, very quick
A: large, unfitting armour, claws 3, regeneration 1, shaggy fur 1, tough skin 1,
clumsy 1
a: Renounce Religion, Wall Jump, Serpent's Lash


You were on level 11 of the Dungeon.
You worshipped Wu Jian.
Wu Jian was most pleased with you.
You visited 2 branches of the dungeon, and saw 12 of its levels.

You collected 623 gold pieces.
You spent 120 gold pieces at shops.

Inventory:

Hand Weapons
 o - a +3 whip
Missiles
 z - a throwing net (quivered)
Armour
 b - a +0 kite shield (worn)
 x - a +0 cloak (worn)
 K - +0 steam dragon scales (worn)
 P - a +0 hat (worn)
Magical Staves
 a - a staff of conjuration
Jewellery
 g - a ring of positive energy (right claw)
 l - a ring of poison resistance (left claw)
 v - a ring of ice
 F - a +5 ring of evasion
 I - a ring of magical power
 L - a ring of wizardry
 T - an amulet of reflection
Wands
 B - a wand of flame (21)
 H - a wand of mindburst (14)
 O - a wand of roots (3)
 Q - a wand of light (5)
 S - a wand of paralysis (5)
Scrolls
 i - a scroll of amnesia {unknown}
 j - 3 scrolls of poison
 k - 3 scrolls of teleportation
 n - 3 scrolls of identify
 q - 2 scrolls of vulnerability {unknown}
 r - 2 scrolls of magic mapping
 u - 3 scrolls of noise
 y - a scroll of enchant weapon {unknown}
 C - a scroll of blinking {unknown}
 D - a scroll of fear {unknown}
 E - 4 scrolls of immolation
 G - a scroll of acquirement {unknown}
 J - a scroll of enchant armour {unknown}
 M - 2 scrolls of summoning {unknown}
 N - a scroll of torment {unknown}
Potions
 c - a potion of might
 d - 3 potions of mutation
 e - 5 potions of curing
 f - a potion of resistance {unknown}
 h - 3 potions of lignification
 m - 2 potions of flight {unknown}
 p - 3 potions of brilliance
 s - a potion of magic {unknown}
 t - 2 potions of heal wounds
 w - a potion of invisibility {unknown}
 A - a potion of degeneration {unknown}


   Skills:
 + Level 7.8 Fighting
 + Level 6.0 Dodging
 + Level 8.6 Shields
 * Level 12.6 Unarmed Combat


You had 10 spell levels left.
You didn't know any spells.
Your spell library contained the following spells:

 Spells                   Type           Power      Damage    Failure   Level
 Magic Dart               Conj           0%         1d3       67%         1
 Ensorcelled Hibernation  Hex/Ice        0%         N/A       80%         2
 Searing Ray              Conj           0%         2d4       80%         2
 Sublimation of Blood     Necr           0%         N/A       80%         2
 Wereblood                Tmut           0%         N/A       80%         2
 Spider Form              Tmut/Pois      0%         N/A       95%         3
 Anguish                  Hex/Necr       0%         N/A       100%        4
 Fulminant Prism          Conj/Hex       0%         3d5       100%        4
 Passage of Golubria      Tloc           0%         N/A       100%        4
 Silence                  Hex/Air        0%         N/A       100%        5
 Summon Hydra             Summ           0%         N/A       100%        7
 Lehudib's Crystal Spear  Conj/Erth      0%         10d2      100%        8


Dungeon Overview and Level Annotations

Branches:
Dungeon (11/15)            Temple (1/1) D:7            Lair (0/5) D:11
    Orc (0/2) D:9

Altars:
Ashenzari
Cheibriados
Dithmenos
Elyvilon
Fedhas
Gozag
Hepliaklqana
Kikubaaqudgha
Makhleb
Nemelex Xobeh
Okawaru
Qazlal
Ru
Sif Muna
Trog
Uskayaw
Vehumet
Wu Jian
Xom
Yredelemnul
Zin
The Shining One
Jiyva

Shops:
D:1 :   D:8 ?   D:9 (*

Annotations:
D:4 exclusion: moth of wrath
D:9 3 runed translucent doors, ChrisAssaf's ghost, journeyman HOFE
D:11 monsoonserge's ghost, journeyman GrRe


Innate Abilities, Weirdness & Mutations

You are too large for most types of armour.
You have claws for hands.
Your natural rate of healing is unusually fast.
You are covered in fur. (AC +1)
You have tough skin. (AC +1)
You are clumsy. (Dex -2)


Message History

The slime creature hits you.
The slime creature jiggles.
Two slime creatures merge to form an enormous slime creature.
The glowing orange brain pulsates.
The yak bellows! x2
The glowing orange brain blinks!
You are no longer terrified.
You lunge at the jelly.
You mangle the jelly!!
You kill the jelly!
The Council accepts your kill.
You hear a bellow!
You scratch the enormous slime creature.
The enormous slime creature is lightly wounded.
You completely miss the enormous slime creature.
The enormous slime creature is lightly wounded.
You block the enormous slime creature's attack.
You claw the enormous slime creature!
The enormous slime creature is lightly wounded.
The enormous slime creature hits you!!!!
Ouch! That really hurt!
* * * LOW HITPOINT WARNING * * *
You hear a bellow!
You feel yourself speed up.
You block the enormous slime creature's attack.
Okay, then.
Attack: -) Claws
Press: ? - help, Dir - move target, f - enormous slime creature
Aim: an enormous slime creature (lightly wounded, about 15% to evade your claws)
Okay, then.
Aiming: Throw Flame
Press: ? - help, Shift-Dir - straight line, f - enormous slime creature
Aim: an enormous slime creature (lightly wounded, 93% to hit)
Okay, then.
Attack: -) Claws
Press: ? - help, Dir - move target, f - enormous slime creature
Aim: an enormous slime creature (lightly wounded, about 15% to evade your claws)
Okay, then.
As you read the scroll of teleportation, it crumbles to dust.
You feel strangely unstable. The enormous slime creature hits you!!!
You die...

#.# ##..=..###.# #.#
#....YO.#..######
######.#####
#.Y.YC..##.......
.......)...####
#.......#).###.##
######........#
#.....##..###.## #.###(##.#
##OJ'##...##...# #.# #.##.##
#JC..........#..
#.###.#...###YY...###.##...#
#...#...#..@JYJ....<..###.##
###[###...#####.####### #.##
#.# ##.###....# #... #.#
#.###.############### #<#
#..)#.# #.......... #.#
###.#.#####.########. #.#
#.#).........# #. #.#
#..)......##.# ##. #.#
###).###.....# ##..


You could see an enormous slime creature, a cyclops (summoned), 3 yaks and 2
jellies.

Vanquished Creatures
  Josephine (D:11)
  2 two-headed ogres (D:11)
  3 death yaks (D:11)
  A deep elf pyromancer (D:8)
  A manticore (D:11)
  An unseen horror (D:10)
  Psyche (D:9)
  A komodo dragon (D:11)
  A troll (D:5)
  2 shadows
  3 wyverns
  4 wraiths (D:11)
  4 yaks (D:10)
  A steam dragon (D:8)
  6 vampire mosquitoes (D:11)
  2 acid dragons
  2 ice beasts
  A sky beast (D:7)
  2 orc warriors
  3 ogres
  2 black bears (D:7)
  2 centaurs
  A phantom (D:6)
  A kobold brigand (D:6)
  8 bullfrogs
  A gnoll sergeant (D:9)
  8 scorpions
  8 wights (D:7)
  3 killer bees (D:7)
  A howler monkey (D:5)
  2 jellies
  A gnoll bouda (D:5)
  5 orc priests
  Jessica (D:2)
  Natasha (twice) (D:2)
  4 iguanas
  18 orc wizards
  8 gnolls
  11 adders
  A river rat (D:11)
  2 shadow imps (D:5)
  4 white imps
  3 ufetubi
  A worm (D:5)
  A dart slug (D:2)
  44 orcs
  10 bats
  9 endoplasms
  2 giant cockroaches
  7 goblins
  15 hobgoblins
  3 jackals (D:3)
  A quokka (D:11)
  6 ball pythons
  4 frilled lizards
  8 kobolds
  11 rats
261 creatures vanquished.

Notes
Turn   | Place    | Note
-------+----------+-------------------------------------------
     0 | D:1      | Libra00 the Troll Fighter began the quest for the Orb.
     0 | D:1      | Reached XP level 1. HP: 22/22 MP: 0/0
   204 | D:1      | Reached XP level 2. HP: 29/29 MP: 1/1
   244 | D:1      | Found Pifomoerola's Book Emporium.
   700 | D:2      | Reached XP level 3. HP: 30/36 MP: 2/2
   940 | D:2      | Reached skill level 3 in Unarmed Combat
  1080 | D:2      | Noticed Natasha
  1086 | D:2      | Noticed Jessica
  1088 | D:2      | Killed Natasha
  1089 | D:2      | Reached XP level 4. HP: 27/44 MP: 3/3
  1090 | D:2      | Noticed Natasha
  1096 | D:2      | Killed Natasha
  1102 | D:2      | Killed Jessica
  1407 | D:3      | Reached skill level 4 in Unarmed Combat
  1407 | D:3      | Reached XP level 5. HP: 48/53 MP: 4/4
  1698 | D:3      | Found a sacrificial altar of Ru.
  1918 | D:3      | Found a snail-covered altar of Cheibriados.
  2139 | D:4      | Noticed a moth of wrath
  2198 | D:4      | Found a bloodstained altar of Trog.
  2287 | D:4      | Gained mutation: You are clumsy. (Dex -2) [potion of
                  | mutation]
  2376 | D:4      | Noticed an ogre
  2401 | D:4      | Found a glowing silver altar of Zin.
  2404 | D:4      | Noticed an ogre
  2418 | D:4      | Killed an ogre
  2419 | D:4      | Reached XP level 6. HP: 26/61 MP: 5/5
  2534 | D:4      | Reached skill level 5 in Unarmed Combat
  2739 | D:5      | Entered Level 5 of the Dungeon
  3016 | D:5      | Reached XP level 7. HP: 68/68 MP: 6/6
  3058 | D:5      | Reached skill level 6 in Unarmed Combat
  3201 | D:5      | Noticed a troll
  3206 | D:5      | Killed a troll
  3207 | D:5      | Reached skill level 5 in Shields
  3207 | D:5      | Reached XP level 8. HP: 35/79 MP: 7/7
  3331 | D:5      | Reached skill level 7 in Unarmed Combat
  3853 | D:6      | Reached skill level 5 in Fighting
  4122 | D:6      | Reached skill level 8 in Unarmed Combat
  4714 | D:7      | Reached XP level 9. HP: 85/88 MP: 8/8
  4756 | D:7      | Found a staircase to the Ecumenical Temple.
  4763 | Temple   | Entered the Ecumenical Temple
  4763 | Temple   | Found a transporter.
  4763 | Temple   | Found a transporter.
  4765 | Temple   | Found a transporter.
  4765 | Temple   | Found a transporter.
  4807 | Temple   | Became a worshipper of the Wu Jian Council
  4859 | D:7      | Reached skill level 9 in Unarmed Combat
  5729 | D:8      | Reached * piety under Wu Jian
  5752 | D:8      | Found Opray's Magic Scroll Boutique.
  5799 | D:8      | Bought a scroll of identify for 30 gold pieces
  5805 | D:8      | Bought a scroll of identify for 30 gold pieces
  5805 | D:8      | Bought a scroll of identify for 30 gold pieces
  5805 | D:8      | Bought a scroll of identify for 30 gold pieces
  5975 | D:8      | Reached skill level 10 in Unarmed Combat
  5994 | D:8      | HP: 2/89 [something (32)]
  6381 | D:8      | Noticed a deep elf pyromancer
  6386 | D:8      | Killed a deep elf pyromancer
  6387 | D:8      | Reached XP level 10. HP: 100/100 MP: 9/9
  6434 | D:9      | Found Cudoall's Weapon Boutique.
  6636 | D:9      | Found a staircase to the Orcish Mines.
  6739 | D:9      | Found Buowoc's Lightly-Used Armoury.
  6749 | D:9      | Reached ** piety under Wu Jian
  6875 | D:9      | Found a runed translucent gate.
  6875 | D:9      | Found a runed translucent gate.
  6875 | D:9      | Found a runed translucent gate.
  6875 | D:9      | Noticed ChrisAssaf's ghost (journeyman HOFE)
  7248 | D:9      | Found a hide-covered altar of Uskayaw.
  7312 | D:9      | Noticed Psyche
  7318 | D:9      | Killed Psyche
  7555 | D:10     | Entered Level 10 of the Dungeon
  7831 | D:10     | Reached skill level 11 in Unarmed Combat
  8022 | D:10     | Identified the +11 dagger "Xexege" {protect, rF+ rN+ Dex+3
                  | Stlth-}
  8442 | D:11     | Reached skill level 5 in Dodging
  8520 | D:11     | Noticed a two-headed ogre
  8532 | D:11     | Killed a two-headed ogre
  8533 | D:11     | Reached XP level 11. HP: 80/109 MP: 10/10
  8622 | D:11     | Noticed Josephine
  8640 | D:11     | Killed Josephine
  8831 | D:11     | Reached skill level 12 in Unarmed Combat
  8856 | D:11     | Noticed a death yak
  8894 | D:11     | Found a staircase to the Lair.
  8901 | D:11     | Noticed a death yak
  8902 | D:11     | Noticed a death yak
  8911 | D:11     | Killed a death yak
  8923 | D:11     | Killed a death yak
  8929 | D:11     | Killed a death yak
  8990 | D:11     | Noticed a two-headed ogre
  8993 | D:11     | Killed a two-headed ogre
  8993 | D:11     | Reached *** piety under Wu Jian
  9134 | D:11     | Found a runed translucent gate.
  9134 | D:11     | Found a runed translucent gate.
  9134 | D:11     | Noticed a glowing orange brain
  9135 | D:11     | Found a runed translucent gate.
  9135 | D:11     | Noticed monsoonserge's ghost (journeyman GrRe)
  9462 | D:11     | Found a viscous altar of Jiyva.
  9466 | D:11     | Noticed a two-headed ogre
  9473 | D:11     | Demolished by an enormous slime creature

Illustrated notes

Levels and vault maps discovered:
D:1:      dpeg_arrival_ternary, layout_loops_ring, serial_shops, shop,
          chequers_serial_rivers_micro_b
D:2:      layout_loops_cross, kennysheep_big_empty_room, uniq_natasha,
          uniq_jessica
D:3:      layout_loops_ring, mainiacjoe_overflow_chevrons,
          mainiacjoe_overflow_tiny_flanked, supply_closet_lemuel
D:4:      layout_rooms, zin_academy, tgw_trog, kennysheep_potato
D:5:      minmay_spotlight, layout_loops_ring
D:6:      layout_basic, corexii_shack
D:7:      minmay_evil_eye, layout_loops_corners, minmay_temple_entry_tees,
          enter_bailey_5
D:8:      layout_cave_pools, serial_shops, shop, guppyfry_early_elven_hall
D:9:      layout_loops_corners, lemuel_round_altar, orc_0_dummy,
          gammafunk_ghost_necromancy, serial_shops, shop, minmay_shop_damaged,
          chequers_mini_garden, uniq_psyche
D:10:     layout_basic
D:11:     layout_loops_ring, dpeg_lair_monsters, gammafunk_ghost_ooze,
          uniq_josephine
Temple:   hellmonk_temple_divided_pantheon

Skill      XL: |  1  2  3  4  5  6  7  8  9 10 11 |
---------------+----------------------------------+-----
Shields        | 3 4 5 6 7 8 |  8.6
Unarmed Combat | 3 4 5 6 8 10 11 12 | 12.6
Fighting       | 3 4 5 6 7 |  7.8
Dodging        | 4 5 6 |  6.0

Action                     |  1- 3 |  4- 6 |  7- 9 | 10-12 || total
---------------------------+-------+-------+-------+-------++-------
  Melee: Unarmed           |    86 |   182 |   364 |   236 ||   868
Ability: Lunge             |       |       |    12 |    16 ||    28
         Whirlwind         |       |       |     3 |     4 ||     7
    Use: Potion            |       |     1 |     1 |     4 ||     6
         Scroll            |       |       |     9 |     1 ||    10
 Armour: Robe              |    22 |    54 |     2 |       ||    78
         Troll leather arm |       |       |    80 |       ||    80
         Steam dragon scal |       |       |     8 |    46 ||    54
         Skin              |       |       |     5 |       ||     5
  Dodge: Dodged            |    36 |    84 |    95 |    66 ||   281
  Block: Kite shield       |    27 |    53 |   105 |    67 ||   252
